 Dungeon Crawl Stone Soup version 0.23-a0-85-g22930c1 (webtiles) character file.

229 Amnesiac the Magician (level 5, -3/35 HPs)
             Began as a Mummy Earth Elementalist on Aug 13, 2018.
             Killed by divine providence
             ... invoked by an orc priest
              (13 damage)
             ... on level 5 of the Dungeon.
             The game lasted 00:03:26 (1823 turns).

Amnesiac the Magician (Mummy Earth Elementalist)    Turns: 1823, Time: 00:03:27

Health: -3/35      AC:  2    Str: 11    XL:     5   Next: 71%
Magic:  1/11       EV: 12    Int: 15    God:
Gold:   40         SH:  0    Dex: 13    Spells: 3/13 levels left

rFire    x . .     SeeInvis .   a - +0 long sword
rCold    + . .     Gourm    .   (no shield)
rNeg     + + +     Faith    .   c - +0 robe
rPois    ∞         Spirit   .   (no helmet)
rElec    .         Reflect  .   (no cloak)
rCorr    .         Harm     .   (no gloves)
MR       .....                  (no boots)
Stlth    ++........             (no amulet)
HPRegen  0.11/turn              (no ring)
MPRegen  0.12/turn              (no ring)

@: very slightly contaminated
A: no food or potions, fire vulnerability, cold resistance 1, negative energy
resistance 3, torment resistance, unbreathing
a: no special abilities


You were on level 5 of the Dungeon.
You were not hungry.

You visited 1 branch of the dungeon, and saw 6 of its levels.

You collected 40 gold pieces.

Inventory:

Hand Weapons
 a - a +0 long sword (weapon)
Armour
 c - a +0 robe (worn)
Wands
 g - a wand of enslavement (14)
Scrolls
 d - a scroll of random uselessness {!r, unknown}
 e - 2 scrolls of identify {!r, unknown}
 f - a scroll of summoning {!r, unknown}


   Skills:
 - Level 1.5 Dodging
 - Level 1.5 Stealth
 + Level 4.6 Spellcasting
 - Level 0.7 Transmutations
 * Level 4.6 Earth Magic


You had 3 spell levels left.
You knew the following spells:

 Your Spells              Type           Power        Failure   Level  Hunger
a - Stone Arrow           Conj/Erth      ##....       19%         3    N/A
b - Passwall              Tmut/Erth      ##......     9%          2    N/A
c - Sandblast             Erth           ###...       2%          1    N/A
e - Petrify               Tmut/Erth      ##......     50%         4    N/A

Your spell library contained the following spells:

 Spells                   Type           Power        Failure   Level  Hunger
 Summon Small Mammal      Summ           #...         17%         1    N/A
 Summon Ice Beast         Ice/Summ       #.......     86%         4    N/A
 Call Imp                 Summ           #.......     26%         2    N/A
 Call Canine Familiar     Summ           #.......     45%         3    N/A
 Lee's Rapid Deconstruct  Erth           ###.......   56%         5    N/A
 Summon Lightning Spire   Summ/Air       #.......     86%         4    N/A
 Summon Guardian Golem    Hex/Summ       #.......     45%         3    N/A

Dungeon Overview and Level Annotations

Branches:
Dungeon (6/15)
 Temple: D:4-7

Altars:

Annotations:
D:4 Grinder, Purgy
D:5 3 runed doors


Innate Abilities, Weirdness & Mutations

You do not eat or drink.
Your flesh is vulnerable to fire.
You are immune to poison.
Your flesh is cold resistant. (rC+)
You are immune to negative energy. (rN+++)
You are immune to unholy pain and torment.
You can survive without breathing.


Message History

The orc shouts!
Unknown command.
Casting: Stone Arrow (safe; 19% risk of failure)
Confirm with . or Enter, or press ? or * to list all spells.
Aiming: Stone Arrow (safe; 19% risk of failure)
Press: ? - help, Shift-Dir - straight line, f/p - orc priest
Aim: an orc priest, wielding a falchion (moderately wounded)
You miscast Stone Arrow.
You are very lightly contaminated with residual magic.
Your skin glows momentarily.
Unknown command.
Casting: Stone Arrow (safe; 19% risk of failure)
Confirm with . or Enter, or press ? or * to list all spells.
Aiming: Stone Arrow (safe; 19% risk of failure)
Press: ? - help, Shift-Dir - straight line, f/p - orc priest
Aim: an orc priest, wielding a falchion (moderately wounded)
The stone arrow hits the orc priest.
The orc priest is almost dead.
The orc priest barely misses you.
Unknown command.
Casting: Stone Arrow (safe; 19% risk of failure)
Confirm with . or Enter, or press ? or * to list all spells.
You don't have enough magic to cast that spell.
Casting: Stone Arrow (safe; 19% risk of failure)
Confirm with . or Enter, or press ? or * to list all spells.
You don't have enough magic to cast that spell.
Casting: Stone Arrow (safe; 19% risk of failure)
Confirm with . or Enter, or press ? or * to list all spells.
You don't have enough magic to cast that spell.
You closely miss the orc priest.
The orc priest is almost dead.
You completely miss the orc priest.
The orc priest is almost dead.
The orc priest mumbles some strange prayers to Beogh against you.
Beogh smites you! The orc hits you but does no damage.
You hit the orc.
The orc is almost dead.
The orc closely misses you.
You hit the orc.
You kill the orc!
Casting: Stone Arrow (safe; 19% risk of failure)
Confirm with . or Enter, or press ? or * to list all spells.
Aiming: Stone Arrow (safe; 19% risk of failure)
Press: ? - help, Shift-Dir - straight line, f/p - orc priest
Aim: an orc priest, wielding a falchion (almost dead)
You miscast Stone Arrow.
You feel gritty.
Unknown command.
You start resting.
The orc priest is too close now for your liking.
An orc priest is nearby!
The orc priest begins to cast a cantrip, but forgets the words!
You closely miss the orc priest.
The orc priest is almost dead.
The orc priest misses you.
You completely miss the orc priest.
The orc priest is almost dead.
The orc priest hits you with a falchion.
The orc priest hits you with a falchion!
* * * LOW HITPOINT WARNING * * *
You hit the orc priest but do no damage.
The orc priest is almost dead.
The orc priest mumbles some strange prayers to Beogh against you.
Beogh smites you!
You die...

#######
###.......
#[o.......
#@#.♣♣♣♣♣♣
#.#...
#.#..♣♣
#.#..♣
#.#..♣
#.#..♣
####
##.#..♣
#... ##..#
#... #...#
#...


You could see an orc priest.

Vanquished Creatures
  An orc priest (D:5)
  A centaur skeleton (D:4)
  3 orc wizards
  A worker ant (D:5)
  A killer bee zombie (D:6)
  A hound zombie (D:5)
  An adder (D:3)
  An ooze (D:1)
  6 orcs
  A bat (D:3)
  5 goblins
  A kobold (D:3)
  A frilled lizard (D:1)
24 creatures vanquished.

Notes
Turn   | Place    | Note
-------+----------+-------------------------------------------
     0 | D:1      | Amnesiac the Mummy Earth Elementalist began the quest for the Orb.
     0 | D:1      | Reached XP level 1. HP: 13/13 MP: 4/4
    88 | D:1      | Reached XP level 2. HP: 18/19 MP: 2/5
   131 | D:1      | Learned a level 2 spell: Passwall
   346 | D:4      | Noticed Purgy
   417 | D:5      | Entered Level 5 of the Dungeon
   417 | D:5      | Noticed an ice beast
   418 | D:5      | Noticed an ice beast
   419 | D:5      | Noticed a crimson imp
   450 | D:4      | Reached XP level 3. HP: 17/24 MP: 2/7
   456 | D:4      | Learned a level 3 spell: Stone Arrow
   545 | D:4      | Noticed Grinder
   547 | D:4      | Noticed an ogre
   550 | D:4      | You fall through a shaft for 2 floors!
   711 | D:6      | Reached XP level 4. HP: 10/30 MP: 0/9
   724 | D:6      | Learned a level 4 spell: Petrify
  1042 | D:5      | Found a runed gate.
  1043 | D:5      | Found a runed gate.
  1044 | D:5      | Found a runed gate.
  1119 | D:6      | Reached XP level 5. HP: 5/35 MP: 0/11
  1823 | D:5      | Killed from afar by an orc priest

Vault maps used:
D:1:      lordsloth_arrival_two_stooges, minivault_24
D:2:      minmay_tromino_i4, uniq_robin
D:3:      minmay_misc_feat_cross, moated_statue, lemuel_blue_sif_altar
D:4:      uniq_menkaure, uniq_grinder, uniq_purgy, uniq_duvessa
D:5:      gammafunk_ghost_icy, first_ration, kennysheep_small_spiral,
          nemelex_spade_bored_becter

Skill      XL: |  1  2  3  4 |
---------------+-------------+-----
Spellcasting   | 3 4 |  4.6
Earth Magic    | 3 4 |  4.6
Dodging        | |  1.5
Stealth        | |  1.5
Transmutations | |  0.7

Action                   |  1- 3 |  4- 6 || total
-------------------------+-------+-------++-------
Melee: Unarmed           |     4 |       ||     4
       Dagger            |       |     1 ||     1
       Long sword        |       |     8 ||     8
 Cast: Sandblast         |    22 |    28 ||    50
       Passwall          |     4 |       ||     4
       Stone Arrow       |       |     9 ||     9
Armor: Robe              |     2 |     3 ||     5
Dodge: Dodged            |    11 |    14 ||    25

Table legend:
 A = Non-vault XP
 B = Vault XP
 C = Vault XP percentage of total XP
 D = Non-vault monster count
 E = Vault monster count
 F = Vault count percentage of total count
 G = Total turns spent on level
                 A         B        C        D         E       F
            +---------+---------+-------+---------+---------+-------
      Total |     328 |       0 |   0.0 |      24 |       0 |   0.0
            +---------+---------+-------+---------+---------+-------
        D:1 |      16 |       0 |   0.0 |       6 |       0 |   0.0
        D:3 |      19 |       0 |   0.0 |       4 |       0 |   0.0
        D:4 |      37 |       0 |   0.0 |       1 |       0 |   0.0
        D:5 |     183 |       0 |   0.0 |       9 |       0 |   0.0
        D:6 |      73 |       0 |   0.0 |       4 |       0 |   0.0
            +---------+---------+-------+---------+---------+-------
